MapleLeafs vs Senators

Created - 14 mars 2018 at 17:43

Goals
1 2 3 T
MapleLeafs 0 3 0 3
Senators 1 4 1 6
Shots
1 2 3 T
MapleLeafs 8 11 5 24
Senators 10 15 11 36

1st period

1. Senators , Michael Stone 9 (Mark Stone 34, Brayden Schenn 26) at 2:30 (PP)

Penalties :
Dmitry Kulikov (TOR) for Slashing (Minor) at 2:09, Rob OGara (OTT) for Holding (Minor) at 11:07, Mikkel Boedker (TOR) for Hooking (Minor) at 11:07

2nd period

2. Senators , Bobby Ryan 12 (Mike Hoffman 36, Eric Staal 44) at 0:55 (PP)
3. MapleLeafs , Ivan Barbashev 1 (Beau Bennett 12) at 10:12
4. Senators , Brayden Schenn 26 (Tyler Seguin 34, Mark Stone 35) at 11:24
5. Senators , Mark Stone 22 (Niklas Hjalmarsson 32, Tyler Seguin 35) at 15:43 (PP)
6. Senators , Anton Lander 2 (Jussi Jokinen 23, Drew Miller 9) at 16:00
7. MapleLeafs , Ivan Barbashev 2 (Mikkel Boedker 12) at 16:51
8. MapleLeafs , Tanner Glass 7 (Peter Holland 7, Cody Franson 16) at 17:39

Penalties :
Radko Gudas (TOR) for Hooking (Minor) at 0:18, Michael Stone (OTT) for Roughing (Minor) at 1:50, Tanner Glass (TOR) for Roughing (Double Minor) at 12:52

3rd period

9. Senators , Niklas Hjalmarsson 11 (Michael Stone 33, Tyler Seguin 36) at 17:29

Penalties :
Radko Gudas (TOR) for Holding Stick (Minor) at 13:04, Kevin Bieksa (OTT) for High sticking (Double Minor) at 17:43

Goalie Stats

Al Montoya (TOR), 12 saves from 13 shots - (0.923), 24:00 minutes
Marc-Andre Fleury (TOR), 18 saves from 23 shots - (0.783), L, 21-28-8, 36:00 minutes
Tuukka Rask (OTT), 21 saves from 24 shots - (0.875), W, 41-21-6, 60:00 minutes

Players Stats for MapleLeafs

Player Name              G  A  P  +/- PIM S  H  SB GA TA FO     MP     PP MP  PK MP  
------------------------------------------------------------------------------------
Adam Erne                0  0  0   0  0   0  0  0  0  0  0/1     3:04   0:00   1:22 
Beau Bennett             0  1  1   2  0   1  2  0  0  0  0/1    17:15   2:04   0:00 
Cody Franson             0  1  1  -1  0   0  1  0  0  0  0/0    13:59   0:00   1:18 
Curtis Lazar             0  0  0   0  0   1  0  0  0  0  0/0     5:53   0:00   0:00 
Dmitry Kulikov           0  0  0  -1  2   0  0  2  0  0  0/0    13:18   0:00   0:38 
Freddie Hamilton         0  0  0   0  0   1  0  0  0  0  2/5     6:09   0:00   0:16 
Frederick Gaudreau       0  0  0   0  0   0  1  0  0  0  0/0    14:47   2:11   0:00 
Ivan Barbashev           2  0  2   2  0   5  1  0  0  0  17/27  19:49   2:04   1:33 
Jason Chimera            0  0  0   0  0   2  1  0  0  0  1/3    18:38   2:11   2:53 
Jason Demers             0  0  0  -1  0   1  3  0  0  0  0/0    22:28   2:15   2:20 
Karl Alzner              0  0  0   2  0   1  0  1  0  0  0/0    23:59   2:00   2:36 
Marek Hrivik             0  0  0  -2  0   4  0  0  0  0  1/2    14:18   0:00   0:00 
Mikkel Boedker           0  1  1   2  2   3  0  0  0  0  0/3    18:47   2:04   1:33 
Nazem Kadri              0  0  0   0  0   0  2  0  0  0  12/27  24:42   2:11   3:45 
Peter Holland            0  1  1  -2  0   1  0  0  0  0  10/18  14:18   0:00   0:00 
Radko Gudas              0  0  0   2  4   0  9  2  0  0  0/0    23:31   2:00   2:10 
Tanner Glass             1  0  1  -2  4   3  4  0  0  0  0/1    14:31   0:00   0:14 
Zach Bogosian            0  0  0  -1  0   1  2  0  0  0  0/0    22:42   2:15   2:34 

Players Stats for Senators

Player Name              G  A  P  +/- PIM S  H  SB GA TA FO     MP     PP MP  PK MP  
------------------------------------------------------------------------------------
Anton Lander             1  0  1  -1  0   4  0  0  0  0  11/16  15:14   0:00   1:03 
Bobby Ryan               1  0  1  -1  0   3  1  0  0  0  0/0    18:11   3:33   0:00 
Brayden Schenn           1  1  2   2  0   5  4  0  0  0  1/1    21:19   2:15   1:01 
Danny DeKeyser           0  0  0  -1  0   2  0  3  0  0  0/0    19:41   3:39   2:18 
Drew Miller              0  1  1  -1  0   0  1  0  0  0  1/1    14:11   0:00   0:00 
Eric Staal               0  1  1  -1  0   3  1  0  0  0  15/27  23:44   3:33   2:28 
Jason Garrison           0  0  0   1  0   0  2  0  0  0  0/0    11:48   0:00   0:00 
Jussi Jokinen            0  1  1  -1  0   0  1  0  0  0  1/1    14:46   0:00   0:00 
Kevin Bieksa             0  0  0  -1  4   0  2  2  0  0  0/0    18:18   3:39   0:56 
Lauri Korpikoski         0  0  0   0  0   0  1  0  0  0  0/0     1:44   0:00   0:00 
Mark Stone               1  2  3   2  0   3  0  1  0  0  0/3    19:40   2:15   0:00 
Michael Stone            1  1  2   0  2   2  4  1  0  0  0/0    22:05   2:09   0:54 
Mike Hoffman             0  1  1  -1  0   4  2  0  0  0  0/3    19:42   3:33   0:53 
Niklas Hjalmarsson       1  1  2   0  0   2  1  1  0  0  0/0    23:09   2:09   1:57 
Rob OGara                0  0  0   0  2   0  0  0  0  0  0/0     5:21   0:00   0:00 
Robbie Russo             0  0  0   0  0   0  1  0  0  0  0/0     6:19   0:00   0:57 
Tyler Seguin             0  3  3   2  0   8  2  0  0  0  16/36  25:15   2:15   3:05 
Zbynek Michalek          0  0  0   1  0   0  1  0  0  0  0/0    13:16   0:00   1:28 

3 Stars

1 - Mark Stone (OTT)
2 - Brayden Schenn (OTT)
3 - Tyler Seguin (OTT)

Power Play

MapleLeafs - 0 on 3 Attempt(s) - 0.00%
Senators - 3 on 5 Attempt(s) - 60.00%

Penalty Kill

MapleLeafs - 2 on 5 Attempt(s) - 40.00% - Score 0 goal in Penalty Kill
Senators - 3 on 3 Attempt(s) - 100.00% - Score 0 goal in Penalty Kill

Team Stat

MapleLeafs - Hits : 26 - Faceoff Wins : 43 - Blocked Shots : 5 - Penalty Minutes : 12
Senators - Hits : 24 - Faceoff Wins : 45 - Blocked Shots : 8 - Penalty Minutes : 8

Official

Referees : Dean Morton and Graham Skiliter
Linesman : Derek Nansen and Scott Driscoll

Game Notes

Al Montoya enters game at 16:00 of 2nd period

Finance

Level 1 -- Attendance: 5866 (90.25%) -- Ticket Income 586 600 $
Level 2 -- Attendance: 4593 (91.86%) -- Ticket Income 275 580 $
Level 3 -- Attendance: 3174 (90.69%) -- Ticket Income 111 090 $
Level 4 -- Attendance: 2742 (86.96%) -- Ticket Income 82 260 $
Luxury Box -- Attendance: 665 (66.50%) -- Ticket Income 166 250 $
Game was played at the Canadian Tire Centre.
Total Attendance: 17040 (88.97%)
Total Ticket Income: 1 221 780 $
Other Income: 183 267 $
Total Income: 1 405 047 $

% Time on Ice - MapleLeafs

Lines # - Real PCT - Wanted PCT - Time Play
Normal Forward
1 - 26% - 40% - 12:36
2 - 32% - 30% - 15:11
3 - 30% - 20% - 14:18
4 - 12% - 10% - 5:53
Normal Defense
1 - 37% - 40% - 17:34
2 - 36% - 30% - 17:08
3 - 26% - 20% - 12:41
4 - 1% - 10% - 0:35
PP Forward
1 - 51% - 60% - 2:11
2 - 49% - 40% - 2:04
PP Defense
1 - 47% - 60% - 2:00
2 - 53% - 40% - 2:15
PK Forward
1 - 73% - 60% - 4:15
2 - 27% - 40% - 1:33
PK Defense
1 - 60% - 60% - 3:28
2 - 40% - 40% - 2:20
PK3 Forward
1 - 0% - 60%
2 - 0% - 40%
PK3 Defense
1 - 0% - 60%
2 - 0% - 40%
44 Forward
1 - 49% - 60% - 0:58
2 - 51% - 40% - 1:01
44 Defense
1 - 62% - 60% - 1:14
2 - 38% - 40% - 0:45
Last Minute Offensive  - 0:00
Last Minute Defensive  - 0:00
Total
Forward - 60:00
Defense - 60:00

% Time on Ice - Senators

Lines # - Real PCT - Wanted PCT - Time Play
Normal Forward
1 - 36% - 40% - 17:25
2 - 31% - 30% - 14:38
3 - 30% - 20% - 14:11
4 - 4% - 10% - 1:44
Normal Defense
1 - 37% - 40% - 17:57
2 - 27% - 30% - 12:51
3 - 25% - 20% - 11:48
4 - 11% - 10% - 5:22
PP Forward
1 - 39% - 60% - 2:15
2 - 61% - 40% - 3:33
PP Defense
1 - 37% - 60% - 2:09
2 - 63% - 40% - 3:39
PK Forward
1 - 79% - 60% - 3:22
2 - 21% - 40% - 0:53
PK Defense
1 - 46% - 60% - 1:57
2 - 54% - 40% - 2:18
PK3 Forward
1 - 0% - 60%
2 - 0% - 40%
PK3 Defense
1 - 0% - 60%
2 - 0% - 40%
44 Forward
1 - 68% - 60% - 1:21
2 - 32% - 40% - 0:38
44 Defense
1 - 55% - 60% - 1:06
2 - 45% - 40% - 0:53
Last Minute Offensive  - 0:00
Last Minute Defensive  - 0:00
Total
Forward - 60:00
Defense - 60:00

Play by Play

1st period


0:01 of 1st period - Nazem Kadri wins face-off versus Mark Stone in neutral zone.
0:38 of 1st period - Shot by Tyler Seguin.
0:38 of 1st period - Stopped by Marc-Andre Fleury without a rebound.
0:39 of 1st period - Eric Staal wins face-off versus Ivan Barbashev in MapleLeafs zone.
0:40 of 1st period - Shot by Mike Hoffman.
0:40 of 1st period - Stopped by Marc-Andre Fleury without a rebound.
0:41 of 1st period - Ivan Barbashev wins face-off versus Eric Staal in MapleLeafs zone.
2:05 of 1st period - Drew Miller is hit by Tanner Glass and loses puck.
2:09 of 1st period - Minor Penalty to Dmitry Kulikov for Slashing.
2:10 of 1st period - Nazem Kadri wins face-off versus Tyler Seguin in MapleLeafs zone.
2:30 of 1st period - Shot by Michael Stone.
2:30 of 1st period - Goal by Michael Stone - MapleLeafs : 0 - Senators : 1.
2:31 of 1st period - Peter Holland wins face-off versus Tyler Seguin in neutral zone.
3:06 of 1st period - Peter Holland is hit by Lauri Korpikoski and loses puck.
3:54 of 1st period - Frederick Gaudreau is hit by Mike Hoffman and loses puck.
4:48 of 1st period - Shot by Mark Stone.
4:48 of 1st period - Deflect By Tyler Seguin.
4:48 of 1st period - Stopped by Marc-Andre Fleury without a rebound.
4:49 of 1st period - Tyler Seguin wins face-off versus Beau Bennett in MapleLeafs zone.
4:54 of 1st period - Shot by Brayden Schenn.
4:54 of 1st period - Stopped by Marc-Andre Fleury with a rebound.
4:56 of 1st period - Shot by Tyler Seguin.
4:56 of 1st period - Shot Misses the Net.
5:55 of 1st period - Shot by Anton Lander.
5:55 of 1st period - Stopped by Marc-Andre Fleury without a rebound.
5:56 of 1st period - Nazem Kadri wins face-off versus Eric Staal in MapleLeafs zone.
6:05 of 1st period - Shot by Radko Gudas.
6:05 of 1st period - Shot Misses the Net.
6:46 of 1st period - Shot by Tanner Glass.
6:46 of 1st period - Deflect By Peter Holland.
6:46 of 1st period - Stopped by Tuukka Rask without a rebound.
6:47 of 1st period - Anton Lander wins face-off versus Peter Holland in Senators zone.
7:14 of 1st period - Shot by Marek Hrivik.
7:14 of 1st period - Stopped by Tuukka Rask without a rebound.
7:15 of 1st period - Freddie Hamilton wins face-off versus Tyler Seguin in Senators zone.
7:20 of 1st period - Shot by Nazem Kadri.
7:20 of 1st period - Shot Blocked by Niklas Hjalmarsson.
7:25 of 1st period - Brayden Schenn is hit by Radko Gudas and loses puck.
7:50 of 1st period - Tyler Seguin is hit by Radko Gudas and loses puck.
8:21 of 1st period - Ivan Barbashev is hit by Jason Garrison and loses puck.
8:28 of 1st period - Shot by Zach Bogosian.
8:28 of 1st period - Stopped by Tuukka Rask without a rebound.
8:29 of 1st period - Eric Staal wins face-off versus Tanner Glass in Senators zone.
8:29 of 1st period - Eric Staal is hit by Tanner Glass.
9:42 of 1st period - Shot by Tyler Seguin.
9:42 of 1st period - Stopped by Marc-Andre Fleury without a rebound.
9:43 of 1st period - Anton Lander wins face-off versus Nazem Kadri in MapleLeafs zone.
9:43 of 1st period - Jussi Jokinen is hit by Radko Gudas.
10:45 of 1st period - Shot by Tanner Glass.
10:45 of 1st period - Stopped by Tuukka Rask without a rebound.
10:46 of 1st period - Ivan Barbashev wins face-off versus Tyler Seguin in Senators zone.
11:05 of 1st period - Mikkel Boedker is hit by Robbie Russo and loses puck.
11:07 of 1st period - Minor Penalty to Rob OGara for Holding.
11:07 of 1st period - Minor Penalty to Mikkel Boedker for Hooking.
11:08 of 1st period - Nazem Kadri wins face-off versus Tyler Seguin in Senators zone.
11:08 of 1st period - Nazem Kadri is hit by Michael Stone.
11:20 of 1st period - Shot by Jason Chimera.
11:20 of 1st period - Stopped by Tuukka Rask without a rebound.
11:21 of 1st period - Tyler Seguin wins face-off versus Nazem Kadri in Senators zone.
11:30 of 1st period - Shot by Tyler Seguin.
11:30 of 1st period - Shot Hit the Post.
12:11 of 1st period - Shot by Ivan Barbashev.
12:11 of 1st period - Stopped by Tuukka Rask without a rebound.
12:12 of 1st period - Jussi Jokinen wins face-off versus Adam Erne in Senators zone.
12:17 of 1st period - Karl Alzner is hit by Michael Stone and loses puck.
12:29 of 1st period - Eric Staal is hit by Radko Gudas and loses puck.
12:59 of 1st period - Brayden Schenn is hit by Radko Gudas and loses puck.
13:16 of 1st period - Shot by Marek Hrivik.
13:16 of 1st period - Stopped by Tuukka Rask without a rebound.
13:17 of 1st period - Peter Holland wins face-off versus Tyler Seguin in Senators zone.
13:38 of 1st period - Shot by Tyler Seguin.
13:38 of 1st period - Shot Misses the Net.
14:20 of 1st period - Jason Demers is hit by Drew Miller.
14:23 of 1st period - Off-side.
14:24 of 1st period - Eric Staal wins face-off versus Nazem Kadri in neutral zone.
14:55 of 1st period - Shot by Nazem Kadri.
14:55 of 1st period - Shot Misses the Net.
15:14 of 1st period - Icing by Karl Alzner.
15:15 of 1st period - Ivan Barbashev wins face-off versus Mark Stone in MapleLeafs zone.
15:27 of 1st period - Mikkel Boedker is hit by Kevin Bieksa and loses puck.
15:42 of 1st period - Shot by Beau Bennett.
15:42 of 1st period - Stopped by Tuukka Rask with a rebound.
15:44 of 1st period - Shot by Beau Bennett.
15:44 of 1st period - Shot Misses the Net.
17:10 of 1st period - Shot by Bobby Ryan.
17:10 of 1st period - Stopped by Marc-Andre Fleury without a rebound.
17:11 of 1st period - Peter Holland wins face-off versus Tyler Seguin in MapleLeafs zone.
17:17 of 1st period - Icing by Rob OGara.
17:18 of 1st period - Tyler Seguin wins face-off versus Ivan Barbashev in Senators zone.
17:41 of 1st period - Shot by Tyler Seguin.
17:41 of 1st period - Shot Misses the Net.
17:46 of 1st period - Icing by Karl Alzner.
17:47 of 1st period - Anton Lander wins face-off versus Mikkel Boedker in MapleLeafs zone.
18:34 of 1st period - Shot by Eric Staal.
18:34 of 1st period - Shot Misses the Net.
18:36 of 1st period - Shot by Mike Hoffman.
18:36 of 1st period - Shot Misses the Net.
18:46 of 1st period - Shot by Mike Hoffman.
18:46 of 1st period - Stopped by Marc-Andre Fleury without a rebound.
18:47 of 1st period - Nazem Kadri wins face-off versus Tyler Seguin in MapleLeafs zone.
18:47 of 1st period - Nazem Kadri is hit by Brayden Schenn.
18:59 of 1st period - Shot by Mark Stone.
18:59 of 1st period - Shot Misses the Net.
19:07 of 1st period - Shot by Brayden Schenn.
19:07 of 1st period - Stopped by Marc-Andre Fleury without a rebound.
19:08 of 1st period - Eric Staal wins face-off versus Ivan Barbashev in MapleLeafs zone.
19:09 of 1st period - Shot by Bobby Ryan.
19:09 of 1st period - Shot Misses the Net.
19:30 of 1st period - Icing by Kevin Bieksa.
19:31 of 1st period - Eric Staal wins face-off versus Jason Chimera in Senators zone.
Goals for this period are 0 for MapleLeafs vs 1 for Senators.
Shots for this period are 8 for MapleLeafs vs 10 for Senators.

2nd period


0:01 of 2nd period - Nazem Kadri wins face-off versus Tyler Seguin in neutral zone.
0:18 of 2nd period - Minor Penalty to Radko Gudas for Hooking.
0:19 of 2nd period - Nazem Kadri wins face-off versus Eric Staal in MapleLeafs zone.
0:53 of 2nd period - Shot by Mike Hoffman.
0:53 of 2nd period - Shot Misses the Net.
0:55 of 2nd period - Shot by Bobby Ryan.
0:55 of 2nd period - Goal by Bobby Ryan - MapleLeafs : 0 - Senators : 2.
0:56 of 2nd period - Ivan Barbashev wins face-off versus Tyler Seguin in neutral zone.
1:03 of 2nd period - Shot by Ivan Barbashev.
1:03 of 2nd period - Stopped by Tuukka Rask without a rebound.
1:04 of 2nd period - Tyler Seguin wins face-off versus Peter Holland in Senators zone.
1:06 of 2nd period - Icing by Mark Stone.
1:07 of 2nd period - Ivan Barbashev wins face-off versus Tyler Seguin in Senators zone.
1:14 of 2nd period - Shot by Mark Stone.
1:14 of 2nd period - Stopped by Marc-Andre Fleury without a rebound.
1:15 of 2nd period - Peter Holland wins face-off versus Mark Stone in MapleLeafs zone.
1:19 of 2nd period - Icing by Radko Gudas.
1:20 of 2nd period - Peter Holland wins face-off versus Tyler Seguin in MapleLeafs zone.
1:20 of 2nd period - Peter Holland is hit by Tyler Seguin.
1:49 of 2nd period - Peter Holland is hit by Niklas Hjalmarsson and loses puck.
1:50 of 2nd period - Minor Penalty to Michael Stone for Roughing.
1:51 of 2nd period - Tyler Seguin wins face-off versus Nazem Kadri in Senators zone.
1:51 of 2nd period - Tyler Seguin is hit by Jason Chimera.
2:01 of 2nd period - Shot by Jason Demers.
2:01 of 2nd period - Stopped by Tuukka Rask without a rebound.
2:02 of 2nd period - Ivan Barbashev wins face-off versus Tyler Seguin in Senators zone.
2:13 of 2nd period - Shot by Mikkel Boedker.
2:13 of 2nd period - Deflect By Ivan Barbashev.
2:13 of 2nd period - Shot Blocked by Danny DeKeyser.
2:51 of 2nd period - Icing by Karl Alzner.
2:52 of 2nd period - Tyler Seguin wins face-off versus Nazem Kadri in MapleLeafs zone.
3:24 of 2nd period - Shot by Karl Alzner.
3:24 of 2nd period - Stopped by Tuukka Rask without a rebound.
3:25 of 2nd period - Brayden Schenn wins face-off versus Ivan Barbashev in Senators zone.
3:52 of 2nd period - Shot by Tanner Glass.
3:52 of 2nd period - Shot Misses the Net.
3:55 of 2nd period - Icing by Anton Lander.
3:56 of 2nd period - Anton Lander wins face-off versus Peter Holland in Senators zone.
4:09 of 2nd period - Shot by Marek Hrivik.
4:09 of 2nd period - Stopped by Tuukka Rask with a rebound.
4:27 of 2nd period - Icing by Robbie Russo.
4:28 of 2nd period - Anton Lander wins face-off versus Nazem Kadri in Senators zone.
4:49 of 2nd period - Shot by Jason Chimera.
4:49 of 2nd period - Stopped by Tuukka Rask without a rebound.
4:50 of 2nd period - Ivan Barbashev wins face-off versus Tyler Seguin in Senators zone.
4:51 of 2nd period - Shot by Beau Bennett.
4:51 of 2nd period - Shot Blocked by Mark Stone.
4:53 of 2nd period - Shot by Mikkel Boedker.
4:53 of 2nd period - Stopped by Tuukka Rask without a rebound.
4:54 of 2nd period - Ivan Barbashev wins face-off versus Eric Staal in Senators zone.
4:59 of 2nd period - Shot by Mikkel Boedker.
4:59 of 2nd period - Stopped by Tuukka Rask with a rebound.
5:04 of 2nd period - Michael Stone is hit by Ivan Barbashev and loses puck.
5:34 of 2nd period - Mike Hoffman is hit by Jason Demers and loses puck.
5:42 of 2nd period - Icing by Jason Demers.
5:43 of 2nd period - Tyler Seguin wins face-off versus Mikkel Boedker in MapleLeafs zone.
5:56 of 2nd period - Shot by Tyler Seguin.
5:56 of 2nd period - Stopped by Marc-Andre Fleury without a rebound.
5:57 of 2nd period - Nazem Kadri wins face-off versus Anton Lander in MapleLeafs zone.
7:42 of 2nd period - Shot by Freddie Hamilton.
7:42 of 2nd period - Stopped by Tuukka Rask without a rebound.
7:43 of 2nd period - Ivan Barbashev wins face-off versus Mike Hoffman in Senators zone.
7:52 of 2nd period - Shot by Beau Bennett.
7:52 of 2nd period - Shot Misses the Net.
8:46 of 2nd period - Frederick Gaudreau is hit by Michael Stone and loses puck.
9:00 of 2nd period - Icing by Zach Bogosian.
9:01 of 2nd period - Nazem Kadri wins face-off versus Tyler Seguin in MapleLeafs zone.
9:01 of 2nd period - Nazem Kadri is hit by Tyler Seguin.
9:04 of 2nd period - Icing by Jason Chimera.
9:05 of 2nd period - Tyler Seguin wins face-off versus Nazem Kadri in MapleLeafs zone.
9:24 of 2nd period - Shot by Mark Stone.
9:24 of 2nd period - Shot Misses the Net.
9:29 of 2nd period - Off-side.
9:30 of 2nd period - Ivan Barbashev wins face-off versus Eric Staal in neutral zone.
9:32 of 2nd period - Radko Gudas is hit by Michael Stone.
9:45 of 2nd period - Shot by Mike Hoffman.
9:45 of 2nd period - Stopped by Marc-Andre Fleury without a rebound.
9:46 of 2nd period - Peter Holland wins face-off versus Tyler Seguin in MapleLeafs zone.
9:57 of 2nd period - Shot by Eric Staal.
9:57 of 2nd period - Deflect By Tyler Seguin.
9:57 of 2nd period - Shot Misses the Net.
10:01 of 2nd period - Shot by Tyler Seguin.
10:01 of 2nd period - Stopped by Marc-Andre Fleury with a rebound.
10:03 of 2nd period - Shot by Danny DeKeyser.
10:03 of 2nd period - Stopped by Marc-Andre Fleury without a rebound.
10:04 of 2nd period - Ivan Barbashev wins face-off versus Eric Staal in MapleLeafs zone.
10:04 of 2nd period - Ivan Barbashev is hit by Mike Hoffman.
10:12 of 2nd period - Shot by Beau Bennett.
10:12 of 2nd period - Deflect By Ivan Barbashev.
10:12 of 2nd period - Goal by Ivan Barbashev - MapleLeafs : 1 - Senators : 2.
10:13 of 2nd period - Drew Miller wins face-off versus Ivan Barbashev in neutral zone.
10:13 of 2nd period - Jussi Jokinen is hit by Beau Bennett and loses puck.
10:59 of 2nd period - Tyler Seguin is hit by Radko Gudas and loses puck.
11:24 of 2nd period - Shot by Brayden Schenn.
11:24 of 2nd period - Goal by Brayden Schenn - MapleLeafs : 1 - Senators : 3.
11:25 of 2nd period - Eric Staal wins face-off versus Nazem Kadri in neutral zone.
11:39 of 2nd period - Nazem Kadri is hit by Jason Garrison and loses puck.
12:09 of 2nd period - Eric Staal is hit by Zach Bogosian and loses puck.
12:30 of 2nd period - Shot by Mark Stone.
12:30 of 2nd period - Stopped by Marc-Andre Fleury with a rebound.
12:33 of 2nd period - Brayden Schenn is hit by Jason Demers and loses puck.
12:52 of 2nd period - Double Minor Penalty to Tanner Glass for Roughing.
12:53 of 2nd period - Tyler Seguin wins face-off versus Nazem Kadri in MapleLeafs zone.
12:56 of 2nd period - Shot by Mark Stone.
12:56 of 2nd period - Shot Misses the Net.
12:58 of 2nd period - Shot by Danny DeKeyser.
12:58 of 2nd period - Stopped by Marc-Andre Fleury without a rebound.
12:59 of 2nd period - Eric Staal wins face-off versus Nazem Kadri in MapleLeafs zone.
14:03 of 2nd period - Shot by Brayden Schenn.
14:03 of 2nd period - Shot Misses the Net.
14:05 of 2nd period - Shot by Tyler Seguin.
14:05 of 2nd period - Stopped by Marc-Andre Fleury without a rebound.
14:06 of 2nd period - Eric Staal wins face-off versus Mikkel Boedker in MapleLeafs zone.
14:26 of 2nd period - Icing by Danny DeKeyser.
14:27 of 2nd period - Eric Staal wins face-off versus Nazem Kadri in Senators zone.
14:56 of 2nd period - Shot by Mikkel Boedker.
14:56 of 2nd period - Shot Blocked by Danny DeKeyser.
14:59 of 2nd period - Icing by Kevin Bieksa.
15:00 of 2nd period - Nazem Kadri wins face-off versus Eric Staal in Senators zone.
15:43 of 2nd period - Shot by Mark Stone.
15:43 of 2nd period - Goal by Mark Stone - MapleLeafs : 1 - Senators : 4.
15:44 of 2nd period - Anton Lander wins face-off versus Peter Holland in neutral zone.
15:49 of 2nd period - Shot by Jussi Jokinen.
15:49 of 2nd period - Deflect By Anton Lander.
15:49 of 2nd period - Stopped by Marc-Andre Fleury without a rebound.
15:50 of 2nd period - Anton Lander wins face-off versus Peter Holland in MapleLeafs zone.
15:50 of 2nd period - Anton Lander is hit by Cody Franson.
16:00 of 2nd period - Shot by Anton Lander.
16:00 of 2nd period - Goal by Anton Lander - MapleLeafs : 1 - Senators : 5.
16:00 of 2nd period - Al Montoya enters game.
16:01 of 2nd period - Tyler Seguin wins face-off versus Nazem Kadri in neutral zone.
16:36 of 2nd period - Shot by Nazem Kadri.
16:36 of 2nd period - Shot Blocked by Michael Stone.
16:45 of 2nd period - Off-side.
16:46 of 2nd period - Ivan Barbashev wins face-off versus Anton Lander in neutral zone.
16:49 of 2nd period - Shot by Mikkel Boedker.
16:49 of 2nd period - Shot Misses the Net.
16:51 of 2nd period - Shot by Ivan Barbashev.
16:51 of 2nd period - Goal by Ivan Barbashev - MapleLeafs : 2 - Senators : 5.
16:52 of 2nd period - Ivan Barbashev wins face-off versus Anton Lander in neutral zone.
16:58 of 2nd period - Shot by Mikkel Boedker.
16:58 of 2nd period - Shot Misses the Net.
17:00 of 2nd period - Shot by Karl Alzner.
17:00 of 2nd period - Shot Misses the Net.
17:02 of 2nd period - Shot by Radko Gudas.
17:02 of 2nd period - Shot Blocked by Kevin Bieksa.
17:18 of 2nd period - Shot by Mikkel Boedker.
17:18 of 2nd period - Shot Misses the Net.
17:37 of 2nd period - Shot by Peter Holland.
17:37 of 2nd period - Shot Misses the Net.
17:39 of 2nd period - Shot by Tanner Glass.
17:39 of 2nd period - Goal by Tanner Glass - MapleLeafs : 3 - Senators : 5.
17:40 of 2nd period - Tyler Seguin wins face-off versus Nazem Kadri in neutral zone.
17:45 of 2nd period - Frederick Gaudreau is hit by Brayden Schenn and loses puck.
18:08 of 2nd period - Shot by Tyler Seguin.
18:08 of 2nd period - Shot Hit the Post.
18:10 of 2nd period - Shot by Niklas Hjalmarsson.
18:10 of 2nd period - Stopped by Al Montoya with a rebound.
18:12 of 2nd period - Shot by Mark Stone.
18:12 of 2nd period - Shot Misses the Net.
18:14 of 2nd period - Shot by Niklas Hjalmarsson.
18:14 of 2nd period - Shot Misses the Net.
18:16 of 2nd period - Shot by Tyler Seguin.
18:16 of 2nd period - Shot Misses the Net.
18:31 of 2nd period - Off-side.
18:32 of 2nd period - Eric Staal wins face-off versus Peter Holland in neutral zone.
18:37 of 2nd period - Shot by Eric Staal.
18:37 of 2nd period - Shot Hit the Post.
18:39 of 2nd period - Shot by Zbynek Michalek.
18:39 of 2nd period - Shot Blocked by Radko Gudas.
18:59 of 2nd period - Shot by Eric Staal.
18:59 of 2nd period - Stopped by Al Montoya without a rebound.
19:00 of 2nd period - Anton Lander wins face-off versus Ivan Barbashev in MapleLeafs zone.
19:16 of 2nd period - Off-side.
19:17 of 2nd period - Tyler Seguin wins face-off versus Freddie Hamilton in neutral zone.
19:30 of 2nd period - Shot by Tyler Seguin.
19:30 of 2nd period - Shot Misses the Net.
19:36 of 2nd period - Mark Stone is hit by Radko Gudas and loses puck.
19:51 of 2nd period - Shot by Brayden Schenn.
19:51 of 2nd period - Shot Blocked by Radko Gudas.
Goals for this period are 3 for MapleLeafs vs 4 for Senators.
Shots for this period are 11 for MapleLeafs vs 15 for Senators.

3rd period


0:01 of 3rd period - Nazem Kadri wins face-off versus Tyler Seguin in neutral zone.
0:28 of 3rd period - Shot by Brayden Schenn.
0:28 of 3rd period - Stopped by Al Montoya without a rebound.
0:29 of 3rd period - Eric Staal wins face-off versus Ivan Barbashev in MapleLeafs zone.
0:32 of 3rd period - Shot by Mike Hoffman.
0:32 of 3rd period - Stopped by Al Montoya without a rebound.
0:33 of 3rd period - Ivan Barbashev wins face-off versus Eric Staal in MapleLeafs zone.
0:42 of 3rd period - Mike Hoffman is hit by Beau Bennett and loses puck.
0:59 of 3rd period - Shot by Mikkel Boedker.
0:59 of 3rd period - Shot Blocked by Danny DeKeyser.
1:01 of 3rd period - Shot by Beau Bennett.
1:01 of 3rd period - Shot Misses the Net.
1:03 of 3rd period - Shot by Ivan Barbashev.
1:03 of 3rd period - Stopped by Tuukka Rask with a rebound.
1:05 of 3rd period - Shot by Zach Bogosian.
1:05 of 3rd period - Shot Misses the Net.
1:07 of 3rd period - Shot by Ivan Barbashev.
1:07 of 3rd period - Shot Blocked by Kevin Bieksa.
2:06 of 3rd period - Off-side.
2:07 of 3rd period - Anton Lander wins face-off versus Freddie Hamilton in neutral zone.
2:25 of 3rd period - Curtis Lazar is hit by Zbynek Michalek and loses puck.
2:41 of 3rd period - Drew Miller is hit by Zach Bogosian and loses puck.
2:53 of 3rd period - Drew Miller is hit by Nazem Kadri and loses puck.
3:12 of 3rd period - Shot by Mikkel Boedker.
3:12 of 3rd period - Stopped by Tuukka Rask without a rebound.
3:13 of 3rd period - Tyler Seguin wins face-off versus Peter Holland in Senators zone.
3:13 of 3rd period - Tyler Seguin is hit by Tanner Glass.
4:14 of 3rd period - Ivan Barbashev is hit by Brayden Schenn and loses puck.
5:18 of 3rd period - Danny DeKeyser is hit by Frederick Gaudreau and loses puck.
5:24 of 3rd period - Eric Staal is hit by Jason Demers and loses puck.
5:44 of 3rd period - Jason Demers is hit by Jussi Jokinen and loses puck.
6:06 of 3rd period - Icing by Robbie Russo.
6:07 of 3rd period - Peter Holland wins face-off versus Anton Lander in Senators zone.
6:20 of 3rd period - Shot by Tanner Glass.
6:20 of 3rd period - Stopped by Tuukka Rask without a rebound.
6:21 of 3rd period - Eric Staal wins face-off versus Peter Holland in Senators zone.
6:21 of 3rd period - Eric Staal is hit by Tanner Glass.
6:33 of 3rd period - Shot by Marek Hrivik.
6:33 of 3rd period - Shot Misses the Net.
6:45 of 3rd period - Shot by Mike Hoffman.
6:45 of 3rd period - Shot Misses the Net.
6:51 of 3rd period - Shot by Mike Hoffman.
6:51 of 3rd period - Shot Blocked by Karl Alzner.
7:35 of 3rd period - Shot by Tyler Seguin.
7:35 of 3rd period - Stopped by Al Montoya without a rebound.
7:36 of 3rd period - Anton Lander wins face-off versus Freddie Hamilton in MapleLeafs zone.
7:47 of 3rd period - Shot by Jussi Jokinen.
7:47 of 3rd period - Shot Misses the Net.
7:49 of 3rd period - Shot by Anton Lander.
7:49 of 3rd period - Shot Misses the Net.
8:53 of 3rd period - Icing by Radko Gudas.
8:54 of 3rd period - Eric Staal wins face-off versus Marek Hrivik in MapleLeafs zone.
8:55 of 3rd period - Shot by Bobby Ryan.
8:55 of 3rd period - Stopped by Al Montoya with a rebound.
9:01 of 3rd period - Radko Gudas is hit by Eric Staal and loses puck.
9:23 of 3rd period - Icing by Mike Hoffman.
9:24 of 3rd period - Eric Staal wins face-off versus Ivan Barbashev in Senators zone.
10:34 of 3rd period - Icing by Danny DeKeyser.
10:35 of 3rd period - Freddie Hamilton wins face-off versus Tyler Seguin in Senators zone.
10:35 of 3rd period - Curtis Lazar is hit by Kevin Bieksa and loses puck.
10:56 of 3rd period - Shot by Curtis Lazar.
10:56 of 3rd period - Stopped by Tuukka Rask without a rebound.
10:57 of 3rd period - Anton Lander wins face-off versus Ivan Barbashev in Senators zone.
11:14 of 3rd period - Shot by Anton Lander.
11:14 of 3rd period - Stopped by Al Montoya without a rebound.
11:15 of 3rd period - Nazem Kadri wins face-off versus Mike Hoffman in MapleLeafs zone.
11:33 of 3rd period - Icing by Zbynek Michalek.
11:34 of 3rd period - Peter Holland wins face-off versus Mike Hoffman in Senators zone.
11:54 of 3rd period - Icing by Zbynek Michalek.
11:55 of 3rd period - Ivan Barbashev wins face-off versus Eric Staal in Senators zone.
12:11 of 3rd period - Off-side.
12:12 of 3rd period - Tyler Seguin wins face-off versus Nazem Kadri in neutral zone.
12:17 of 3rd period - Shot by Brayden Schenn.
12:17 of 3rd period - Stopped by Al Montoya with a rebound.
12:19 of 3rd period - Shot by Michael Stone.
12:19 of 3rd period - Stopped by Al Montoya without a rebound.
12:20 of 3rd period - Peter Holland wins face-off versus Tyler Seguin in MapleLeafs zone.
12:55 of 3rd period - Niklas Hjalmarsson is hit by Radko Gudas.
13:02 of 3rd period - Brayden Schenn is hit by Radko Gudas and loses puck.
13:04 of 3rd period - Minor Penalty to Radko Gudas for Holding Stick.
13:05 of 3rd period - Jason Chimera wins face-off versus Eric Staal in MapleLeafs zone.
14:19 of 3rd period - Zach Bogosian is hit by Brayden Schenn.
14:43 of 3rd period - Shot by Eric Staal.
14:43 of 3rd period - Shot Misses the Net.
14:59 of 3rd period - Shot by Mike Hoffman.
14:59 of 3rd period - Shot Misses the Net.
15:01 of 3rd period - Shot by Danny DeKeyser.
15:01 of 3rd period - Shot Blocked by Dmitry Kulikov.
15:03 of 3rd period - Shot by Danny DeKeyser.
15:03 of 3rd period - Shot Misses the Net.
15:22 of 3rd period - Shot by Ivan Barbashev.
15:22 of 3rd period - Shot Misses the Net.
15:42 of 3rd period - Icing by Jason Garrison.
15:43 of 3rd period - Peter Holland wins face-off versus Anton Lander in Senators zone.
16:08 of 3rd period - Shot by Marek Hrivik.
16:08 of 3rd period - Stopped by Tuukka Rask without a rebound.
16:09 of 3rd period - Tyler Seguin wins face-off versus Nazem Kadri in Senators zone.
16:40 of 3rd period - Shot by Tyler Seguin.
16:40 of 3rd period - Stopped by Al Montoya without a rebound.
16:41 of 3rd period - Eric Staal wins face-off versus Ivan Barbashev in MapleLeafs zone.
16:42 of 3rd period - Shot by Mike Hoffman.
16:42 of 3rd period - Deflect By Eric Staal.
16:42 of 3rd period - Stopped by Al Montoya without a rebound.
16:43 of 3rd period - Ivan Barbashev wins face-off versus Eric Staal in MapleLeafs zone.
17:04 of 3rd period - Shot by Eric Staal.
17:04 of 3rd period - Stopped by Al Montoya without a rebound.
17:05 of 3rd period - Marek Hrivik wins face-off versus Tyler Seguin in MapleLeafs zone.
17:27 of 3rd period - Shot by Michael Stone.
17:27 of 3rd period - Shot Blocked by Dmitry Kulikov.
17:29 of 3rd period - Shot by Niklas Hjalmarsson.
17:29 of 3rd period - Goal by Niklas Hjalmarsson - MapleLeafs : 3 - Senators : 6.
17:30 of 3rd period - Ivan Barbashev wins face-off versus Eric Staal in neutral zone.
17:30 of 3rd period - Ivan Barbashev is hit by Bobby Ryan.
17:43 of 3rd period - Double Minor Penalty to Kevin Bieksa for High sticking.
17:44 of 3rd period - Tyler Seguin wins face-off versus Jason Chimera in Senators zone.
17:44 of 3rd period - Tyler Seguin is hit by Nazem Kadri.
18:50 of 3rd period - Shot by Mikkel Boedker.
18:50 of 3rd period - Shot Hit the Post.
Goals for this period are 0 for MapleLeafs vs 1 for Senators.
Shots for this period are 5 for MapleLeafs vs 11 for Senators.